Map: Redshift LE

Players

ShoWTimE

  • Race: Protoss Protoss
  • Spawn Location: 11:00

Neeb - Winner!

  • Race: Protoss Protoss
  • Spawn Location: 7:00

Event: WCS Valencia 2018

VOD

Have the link to the VOD?

Description

Time

  • Played on: July 14, 2018, 8:14 a.m.
  • Length: 12:35

All games in this series

Show
View Real Time Build Order
Export as new Build Order

ShoWTimE Protoss 

Build Orders: Phoenix Opening, Mass Phoenix 

Get SALT Encoding   

  12  0:00  Probe  
  13  0:12  Probe  
  14  0:17  Pylon  
  14  0:24  Probe  
  15  0:32  Probe  
  15  0:37  Gateway  
  15  0:40  Probe  
  16  0:46  Assimilator  
  17  0:50  Probe  
  17  0:54  Assimilator  
  18  0:59  Probe  
  19  1:07  Probe  
  20  1:14  Gateway  
  20  1:17  Probe  
  20  1:25  Cybernetics Core  
  21  1:29  Probe  
  22  1:37  Pylon  
  22  1:41  Probe  
  23  1:55  Probe  
  24  2:01  Sentry, Stalker  
  24  2:02  Warp Gate  
  28  2:15  Pylon  
  28  2:29  Stargate  
  28  2:33  Adept  
  28  2:36  Adept  
  31  2:52  Pylon  
  31  3:04  Shield Battery  
  31  3:05  Phoenix  
  31  3:08  Adept  
  33  3:19  Nexus  
  35  3:25  Probe, Phoenix  
  38  3:37  Probe  
  39  3:49  Phoenix  
  39  3:50  Probe  
  42  4:02  Probe  
  43  4:07  Phoenix  
  43  4:08  Assimilator  
  43  4:14  Probe  
  46  4:26  Stargate, Probe  
  47  4:33  Probe  
  47  4:34  Phoenix  
  47  4:38  Probe  
  52  4:45  Probe  
  52  4:50  Probe  
  53  4:54  Pylon  
  53  4:57  Probe  
  53  4:59  Phoenix  
  54  5:02  Probe  
  57  5:09  Probe  
  57  5:10  Shield Battery  
  58  5:15  Phoenix  
  58  5:18  Probe  
  61  5:22  Probe  
  61  5:24  Assimilator  
  62  5:30  Probe  
  62  5:34  Probe, Phoenix  
  66  5:42  Probe  
  65  5:45  Phoenix  
  65  5:46  Probe  
  68  5:52  Pylon  
  68  5:54  Probe  
  69  5:58  Probe  
  69  6:00  Pylon  
  70  6:08  Phoenix  
  70  6:10  Probe  
  70  6:11  Pylon, Probe  
  74  6:12  Phoenix  
  76  6:23  Probe x2  
  78  6:30  Phoenix  
  78  6:33  Fleet Beacon  
  78  6:35  Probe  
  78  6:37  Phoenix  
  58  6:47  Phoenix  
  81  6:51  Shield Battery  
  77  6:57  Phoenix  
  77  7:00  Anion Pulse-Crystals  
  81  7:11  Phoenix  
  83  7:18  Nexus  
  83  7:23  Pylon  
  83  7:26  Phoenix  
  83  7:27  Probe  
  83  7:29  Probe  
  87  7:39  Pylon  
  87  7:40  Phoenix  
  89  7:46  Stalker  
  89  7:48  Pylon  
  89  7:49  Stalker  
  93  7:57  Phoenix  
  89  8:05  Phoenix  
  87  8:10  Stalker  
  89  8:13  Probe x2  
  89  8:21  Phoenix  
  89  8:22  Phoenix  
  89  8:23  Assimilator  
  89  8:25  Probe  
  92  8:28  Assimilator  
  92  8:33  Probe x2  
  96  8:37  Probe  
  97  8:41  Phoenix  
  97  8:45  Probe, Phoenix  
  97  8:47  Stargate  
  100  8:50  Probe x2  
  104  8:59  Probe  
  104  9:02  Probe, Phoenix  
  106  9:07  Pylon  
  106  9:08  Phoenix  
  108  9:11  Probe  
  108  9:16  Stargate  
  111  9:21  Pylon  
  111  9:25  Probe  
  111  9:27  Phoenix  
  111  9:28  Pylon  
  114  9:32  Phoenix  
  114  9:33  Phoenix  
  114  9:34  Pylon  
  118  9:40  Adept x2  
  118  9:44  Probe  
  118  9:45  Phoenix  
  121  9:49  Probe  
  121  9:51  Phoenix  
  121  9:52  Probe  
  123  9:58  Phoenix  
  127  10:01  Phoenix  
  127  10:06  Phoenix  
  125  10:17  Nexus  
  119  10:21  Pylon  
  119  10:22  Phoenix  
  119  10:25  Phoenix  
  123  10:31  Phoenix  
  125  10:36  Phoenix  
  127  10:45  Phoenix  
  125  10:50  Phoenix  
  125  10:51  Phoenix  
  125  10:54  Phoenix  
  123  11:02  Phoenix  
  119  11:08  Probe x3, Assimilator  
  119  11:11  Phoenix  
  124  11:12  Assimilator  
  124  11:15  Phoenix  
  128  11:20  Phoenix  
  130  11:27  Phoenix  
  130  11:30  Probe x3  
  135  11:36  Phoenix  
  137  11:40  Phoenix  
  137  11:41  Phoenix  
  137  11:45  Phoenix  
  115  12:00  Phoenix  
  117  12:02  Phoenix  
  117  12:05  Phoenix  
  117  12:07  Phoenix  
  113  12:12  Nexus  
Show
View Real Time Build Order
Export as new Build Order

Neeb Protoss - Winner!

Build Orders: Phoenix Opening, Mass Phoenix 

Get SALT Encoding   

  12  0:00  Probe  
  13  0:12  Probe  
  14  0:17  Pylon  
  14  0:23  Probe  
  15  0:31  Probe  
  16  0:38  Gateway  
  16  0:39  Probe  
  16  0:47  Assimilator  
  17  0:51  Probe  
  17  0:54  Assimilator  
  18  1:00  Probe  
  19  1:08  Gateway, Probe  
  19  1:17  Probe  
  20  1:25  Cybernetics Core  
  21  1:29  Probe  
  22  1:35  Pylon  
  22  1:41  Probe  
  23  1:53  Probe  
  24  2:02  Adept x2  
  28  2:09  Stargate  
  28  2:19  Warp Gate  
  28  2:20  Probe  
  29  2:30  Pylon  
  29  2:31  Stalker  
  31  2:44  Phoenix  
  31  2:48  Stalker  
  35  3:17  Nexus, Phoenix  
  38  3:34  Pylon  
  38  3:38  Phoenix  
  39  3:52  Probe  
  40  3:57  Phoenix  
  40  4:04  Probe  
  40  4:07  Pylon  
  43  4:16  Probe  
  44  4:18  Phoenix  
  46  4:28  Probe  
  46  4:29  Probe  
  46  4:31  Assimilator  
  48  4:33  Assimilator  
  48  4:40  Probe x2  
  48  4:41  Stargate  
  50  4:47  Phoenix  
  50  4:48  Probe  
  53  4:53  Probe  
  53  4:56  Probe  
  54  5:05  Probe  
  56  5:08  Probe  
  56  5:12  Phoenix  
  59  5:14  Pylon  
  59  5:16  Phoenix  
  59  5:17  Probe  
  59  5:20  Probe  
  63  5:31  Phoenix  
  61  5:38  Probe  
  61  5:39  Probe, Phoenix  
  65  5:50  Probe  
  65  5:53  Fleet Beacon  
  65  5:55  Probe  
  67  5:59  Phoenix  
  67  6:03  Probe  
  70  6:07  Sentry  
  70  6:09  Probe  
  73  6:16  Probe, Phoenix  
  76  6:19  Pylon  
  76  6:21  Probe  
  77  6:32  Pylon  
  77  6:34  Phoenix  
  77  6:35  Anion Pulse-Crystals, Pylon  
  77  6:39  Probe x2  
  78  6:43  Phoenix  
  76  6:51  Probe x2  
  77  7:00  Stalker  
  79  7:03  Probe  
  79  7:05  Phoenix  
  79  7:06  Zealot  
  79  7:07  Probe  
  85  7:09  Phoenix  
  87  7:16  Probe  
  88  7:30  Phoenix  
  88  7:32  Nexus, Phoenix  
  92  7:40  Probe  
  93  7:49  Probe  
  94  7:52  Probe  
  94  7:55  Phoenix  
  94  7:57  Phoenix  
  99  8:01  Probe  
  100  8:11  Probe  
  97  8:16  Assimilator  
  97  8:19  Assimilator  
  96  8:20  Probe, Phoenix  
  96  8:22  Phoenix  
  96  8:24  Probe  
  96  8:25  Stargate  
  101  8:32  Probe  
  102  8:40  Pylon  
  102  8:41  Pylon  
  102  8:44  Probe x2  
  102  8:45  Probe  
  102  8:46  Phoenix  
  107  8:51  Phoenix  
  107  8:53  Robotics Facility  
  109  8:56  Probe  
  109  8:57  Probe  
  109  9:01  Stargate, Probe  
  112  9:06  Adept  
  112  9:07  Adept  
  116  9:12  Phoenix  
  116  9:14  Phoenix  
  116  9:16  Phoenix  
  122  9:31  Nexus  
  122  9:33  Probe x2, Phoenix  
  122  9:35  Probe  
  127  9:46  Protoss Air Weapons Level 1  
  127  9:47  Phoenix  
  127  9:51  Phoenix  
  127  9:53  Probe x3  
  127  9:54  Assimilator  
  127  9:59  Phoenix  
  130  10:00  Assimilator  
  130  10:03  Phoenix  
  130  10:04  Observer  
  133  10:09  Phoenix  
  133  10:10  Pylon  
  133  10:11  Phoenix  
  129  10:22  Probe x2  
  129  10:24  Probe  
  129  10:27  Phoenix  
  131  10:34  Adept x2, Phoenix  
  134  10:36  Probe  
  134  10:40  Probe  
  134  10:42  Phoenix  
  140  10:45  Probe  
  141  10:50  Phoenix  
  141  10:52  Phoenix  
  143  11:00  Phoenix  
  137  11:04  Probe x2  
  137  11:07  Phoenix  
  137  11:09  Phoenix  
  143  11:19  Stargate  
  143  11:22  Phoenix  
  143  11:23  Pylon, Phoenix  
  145  11:28  Pylon  
  145  11:29  Zealot x2  
  149  11:35  Phoenix x2  
  153  11:42  Phoenix  
  153  11:43  Phoenix  
  145  11:52  Phoenix x2  
  133  11:59  Probe  
  138  12:01  Phoenix  
  138  12:04  Phoenix  
  140  12:10  Phoenix  
Tags
 
Add a new tag
Caveats
  • Supply blocks, unpowered buildings, or Contaminate may cause inaccurate times.
  • Supply counts are checked every 10 seconds.